 Dungeon Crawl Stone Soup version 0.17-a0-2064-g265a032 (webtiles) character file.

473930 4thArraOfDagon the Executioner (level 24, -18/160 HPs)
             Began as a Gargoyle Gladiator on Oct 12, 2015.
             Was a High Priest of Qazlal.
             Killed from afar by a lich (49 damage)
             ... with a bolt of acid
             ... on level 1 of the Tomb of the Ancients on Oct 13, 2015.
             The game lasted 02:26:33 (17262 turns).

4thArraOfDagon the Executioner (GrGl)              Turns: 17262, Time: 02:26:33

Health: -18/160    AC: 35    Str: 30    XL:     24   Next: 5%
Magic:  9/40       EV: 13    Int: 24    God:    Qazlal [*****.]
Gold:   2743       SH:  7    Dex: 10    Spells: 3 memorised, 29 levels left

rFire  + . .     SeeInvis +     i - +6 executioner's axe of the Dragonfly {chop, rN+}
rCold  + . .     Rnd*Rage +     N - +3 chain mail {rF+}
rNeg   + + .     SustAt   .     (no shield)
rPois  ∞         Gourm    .     M - +1 hat {Int+3}
rElec  +         Spirit   .     C - +0 cloak
rCorr  .         Warding  .     T - +2 pair of gloves {Str+3}
rMut   +         Stasis   .     I - +0 pair of boots
MR     +++..                    F - amulet of Freedom {rMut MR+ Int+5}
Stlth  ..........               G - ring of Rarafutz {rElec rPois Str-3 Slay+5 Stlth-}
                                f - ring of Qazlal's Generosity {rC+ EV+3 Str+6}

@: protected from physical damage, corroded equipment, very slightly
contaminated, regenerating, repel missiles, extremely resistant to hostile
enchantments, extremely unstealthy
A: antennae 1, big wings, hooves 1, see invisible, berserk 1, high mp 1, magic
resistance 1, negative energy resistance 1, electricity resistance, unbreathing,
petrification resistance, rot immunity, MP-powered wands, AC +17
a: Fly, Upheaval, Elemental Force, Disaster Area, Renounce Religion
}: 4/15 runes: serpentine, barnacled, slimy, silver


You were on level 1 of the Tomb of the Ancients.
You worshipped Qazlal.
Qazlal was extremely pleased with you.
You were not hungry.

You visited 10 branches of the dungeon, and saw 49 of its levels.
You visited the Abyss 1 time.
You also visited: Labyrinth, Ossuary and Bailey.

You collected 4427 gold pieces.
You spent 1684 gold pieces at shops.

Inventory:

Hand Weapons
 i - the +6 executioner's axe of the Dragonfly (weapon) {chop, rN+}
   (You found it on level 5 of the Vaults)

   It inflicts extra damage upon your enemies.
   It protects you from negative energy.
 E - a +9 vampiric battleaxe
Missiles
 d - 6 throwing nets (quivered)
Armour
 C - a +0 cloak (worn)
 I - a +0 pair of boots (worn)
 M - a +1 hat of intelligence (worn)
 N - a +3 chain mail of fire resistance (worn)
 T - a +2 pair of gloves of strength (worn)
Jewellery
 f - the ring of Qazlal's Generosity (left hand) {rC+ EV+3 Str+6}
   (You found it on level 6 of the Pits of Slime)

   [ring of evasion]

   It affects your evasion (+3).
   It affects your strength (+6).
   It protects you from cold.
 u - an uncursed amulet of regeneration
 y - the ring of Fics {+Fly rC+ SInv Stlth+}
   (You took it off a deep elf annihilator on level 5 of the Vaults)

   [ring of see invisible]

   It protects you from cold.
   It lets you see invisible.
   It lets you fly.
   It makes you more stealthy.
 F - the amulet of Freedom (around neck) {rMut MR+ Int+5}
   (You found it on level 4 of the Shoals)

   [amulet of resist mutation]

   It protects you from mutation.
   It affects your intelligence (+5).
   It affects your resistance to hostile enchantments.
 G - the ring of Rarafutz (right hand) {rElec rPois Str-3 Slay+5 Stlth-}
   (You found it on level 9 of the Dungeon)

   [ring of loudness]

   It affects your strength (-3).
   It affects your accuracy and damage with ranged weapons and melee attacks
   (+5).
   It insulates you from electricity.
   It protects you from poison.
   It makes you less stealthy.
 K - an uncursed amulet of warding
 P - the amulet "Geucvok" {+Rage Str+2}
   (You found it in a labyrinth)

   [amulet of rage]

   It affects your strength (+2).
   It lets you go berserk.
 X - an uncursed ring of teleportation
Wands
 c - a wand of teleportation (4)
 m - a wand of digging (16)
 n - a wand of heal wounds (3)
 o - a wand of heal wounds (6)
 L - a wand of hasting (6)
 V - a wand of disintegration (15)
Scrolls
 b - 5 scrolls of recharging
 p - a scroll of fog
 v - 3 scrolls of silence
 x - 10 scrolls of teleportation
 B - 3 scrolls of identify
 U - 4 scrolls of remove curse
 Z - 2 scrolls of summoning
Potions
 g - 5 potions of brilliance
 h - 3 potions of magic
 k - 28 potions of curing
 r - a potion of ambrosia
 t - a potion of resistance
 w - 5 potions of haste
 z - a potion of heal wounds
 A - 7 potions of agility
 O - 4 potions of cancellation
 Q - 6 potions of might
 W - 4 potions of lignification
 Y - 5 potions of invisibility
Miscellaneous
 a - a box of beasts {used: 1}
 j - a legendary deck of summoning {Foxfire, drawn: 1}
 s - a fan of gales
 D - a phantom mirror
 H - a phial of floods
 R - an ornate deck of summoning {Water, drawn: 3}
 S - an ornate deck of summoning {the Dance, drawn: 2}
Comestibles
 e - 14 bread rations
 l - 18 meat rations
 q - 17 fruits
 J - 13 chunks of flesh


   Skills:
 + Level 18.9 Fighting
 - Level 21.0 Axes
 - Level 1.7 Throwing
 + Level 20.3 Armour
 - Level 2.4 Dodging
 - Level 6.0 Spellcasting
 - Level 6.7 Charms
 - Level 6.1 Necromancy
 * Level 19.4 Invocations
 - Level 5.2 Evocations


You had 29 spell levels left.
You knew the following spells:

 Your Spells              Type           Power        Failure   Level  Hunger
a - Stoneskin             Trmt/Erth      #.......     30%         2    None
b - Regeneration          Chrm/Necr      #####.....   6%          3    #......
c - Animate Skeleton      Necr           N/A          1%          1    None


Dungeon Overview and Level Annotations

Branches:
Dungeon (13/15)              Lair (8/8) D:8          Shoals (4/4) Lair:5
  Snake (4/4) Lair:3        Slime (6/6) Lair:7          Orc (4/4) D:9
    Elf (1/3) Orc:3        Vaults (5/5) D:13          Crypt (3/3) Vaults:3
   Tomb (1/3) Crypt:3
 Temple: D:4-7

Altars:
Ashenzari
Fedhas
Kikubaaqudgha
Nemelex Xobeh
Qazlal
Yredelemnul
Zin
Beogh
Jiyva

Shops:
Orc:2 }   Orc:4 [}!%   Snake:4 !   Vaults:5 !

Annotations:
D:3 Natasha
D:8 UGLY THINGS, exclusion: oklob plant, Psyche
Orc:4 exclusion: oklob plant
Elf:1 Azrael


Innate Abilities, Weirdness & Mutations

You are resistant to torment.
Your stone body is resilient (AC +17).
You are immune to poison.
Your large and strong wings let you fly indefinitely.
You resist negative energy.
You are resistant to electric shocks.
You can survive without breathing.
You are immune to petrification.
You are immune to rotting.
You have a pair of small antennae on your head.
You have large cloven feet.
You have supernaturally acute eyesight.
You tend to lose your temper in combat.
You have an increased reservoir of magic (+10% MP).
You are resistant to hostile enchantments.
You expend magic power (3 MP) to strengthen your wands.


Message History

Your water elemental engulfs the lich in water!
The lich points at you and mumbles some strange words.
The bolt of acid hits you!
* * * LOW HITPOINT WARNING * * *
The acid corrodes you!
The acid burns!
* * * LOW HITPOINT WARNING * * *
Unknown command.
Unknown command.
Your air elemental barely misses the lich.
Your air elemental hits the ushabti!
Your air elemental hits the lich!
Your air elemental closely misses the ushabti.
Your fire elemental is engulfed in freezing vapours.
Your fire elemental hits the ushabti.
Your fire elemental burns the ushabti!
The ushabti resists.
The ushabti completely misses your air elemental.
Your air elemental completely misses the lich.
The lich casts a spell at you.
The bolt of acid misses your air elemental.
The bolt of acid hits you!
You die...

#.........#
#.........#
#.........#
#.........#
#.....[..†########
#......§..E.......
#.......§EE)......
#......)§E8§......
#......§@EL§......
#........EE§......
#.................
#..÷..............
#.................
#................
#................
#...............
#.............


You could see a lich, an ushabti, 3 friendly water elementals, 2 friendly fire
elementals and 2 friendly air elementals.

Vanquished Creatures
  An ancient lich (Vaults:5)
  Sojobo (Tomb:1)
  Margery (Vaults:4)
  A golden dragon (Vaults:5)
  A lich (Crypt:3)
  Rupert (Lair:7)
  3 tentacled monstrosities (Vaults:5)
  3 titans (Vaults:5)
  15 acid blobs
  9 sphinxes
  6 large abominations (Vaults:5)
  A revenant (Crypt:2)
  3 shadow dragons (Vaults:5)
  18 greater nagas
  A storm dragon (shapeshifter) (Vaults:1)
  8 tengu reavers
  7 azure jellies
  16 vault wardens
  2 fire giants (Vaults:5)
  2 deep elf sorcerers (Vaults:5)
  An iron dragon (Vaults:5)
  3 frost giants
  Aizul (Snake:3)
  2 war gargoyles (Vaults:5)
  A caustic shrike zombie (Crypt:3)
  7 stone giants
  2 very ugly things (Vaults:5)
  10 ironheart preservers
  2 deep elf demonologists (Vaults:5)
  A bennu (Tomb:1)
  4 salamander stormcallers
  6 small abominations (Vaults:5)
  A deep elf annihilator (Vaults:5)
  34 vault guards
  6 merfolk javelineers
  A minotaur (Lab)
  6 ettins
  A mummy priest (Tomb:1)
  2 deep elf death magi
  3 fire dragons
  8 great orbs of eyes
  5 death oozes
  14 merfolk impalers
  Josephine (Lair:7)
  A jiangshi (Crypt:2)
  2 deep elf high priests (Vaults:5)
  12 yaktaur captains
  The ghost of emiel the Cleaver, a journeyman HOAs of Makhleb (Lair:3)
  2 ice dragons
  21 naga warriors
  7 anacondas
  4 merfolk avatars
  3 merfolk aquamancers (Shoals:4)
  A death knight (Crypt:3)
  2 centaur warriors
  4 alligator snapping turtles
  2 hydras
  9 ogre magi
  A catoblepas (Lair:8)
  23 death yaks
  25 naga sharpshooters
  3 satyrs
  The ghost of Zebura the Slicer, a journeyman VSAs of Okawaru (D:11)
  5 deep troll shamans
  A vampire mage (Crypt:3)
  A dancing weapon (Vaults:5)
  3 shock serpents
  Sonja (D:11)
  A salamander mystic (Snake:3)
  11 skeletal warriors
  A fire crab (Vaults:5)
  3 shadow wraiths
  2 deep elf knights
  6 death scarabs (Tomb:1)
  4 hell knights (Vaults:4)
  15 deep trolls
  11 sea snakes
  A giant orange brain (Vaults:4)
  An anubis guard (Tomb:1)
  2 flayed ghosts
  3 unseen horrors
  12 ironbrand convokers
  7 naga ritualists
  2 phantasmal warriors
  7 hill giants
  4 necromancers
  2 lindwurms (Lair:8)
  10 orc knights
  6 deep elf conjurers
  4 shining eyes
  15 harpies
  A hornet (Vaults:5)
  9 mana vipers
  9 cyclopes
  2 wolf spiders
  9 manticores
  15 griffons
  5 salamanders
  39 elephants
  14 fauns
  20 naga magi
  A centaur zombie (D:12)
  8 guardian serpents
  4 water nymphs
  Maurice (D:8)
  33 black mambas
  15 ugly things
  12 sirens
  A stone giant skeleton (Crypt:1)
  6 eyes of devastation
  9 spiny frogs
  21 vault sentinels
  A sea snake zombie (Crypt:3)
  37 yaktaurs
  A tengu conjurer (D:13)
  2 guardian mummies (Tomb:1)
  A spriggan druid (Lair:8)
  A catoblepas skeleton (Crypt:1)
  A fire drake (Lair:5)
  9 komodo dragons
  28 merfolk
  A two-headed ogre (shapeshifter) (Vaults:5)
  2 minotaur zombies (Lab)
  3 polar bears
  A harpy zombie (Crypt:2)
  A moth of wrath zombie (Crypt:3)
  A deep elf priest (Vaults:5)
  11 trolls
  A polar bear (shapeshifter) (Vaults:1)
  A jumping spider (Vaults:5)
  2 wind drakes
  9 blink frogs
  A freezing wraith (Vaults:3)
  82 slime creatures
  4 boulder beetles
  A harpy skeleton (Crypt:3)
  A hydra skeleton (Crypt:1)
  An ushabti (Tomb:1)
  16 two-headed ogres
  An ettin zombie (Crypt:1)
  2 redbacks (Vaults:5)
  A tarantella (shapeshifter) (Vaults:3)
  6 deep elf magi
  6 spriggans
  4 snapping turtles
  A tarantella (Vaults:5)
  2 hungry ghosts
  7 water elementals
  2 fire elementals (Elf:1)
  3 wyverns
  5 basilisks
  8 golden eyes
  64 nagas
  7 wraiths
  8 hippogriffs
  A steam dragon (Lair:7)
  62 yaks
  A hippogriff (shapeshifter) (Vaults:5)
  5 deep elf fighters
  A human (shapeshifter) (Vaults:4)
  12 porcupines
  17 water moccasins
  A soldier ant (D:10)
  16 wolves
  A torturous demonspawn skeleton (Crypt:2)
  6 vampire mosquitoes
  3 wargs
  A hell hound (Orc:3)
  A water moccasin (shapeshifter) (Vaults:1)
  3 ice beasts
  A swamp drake (D:9)
  4 sky beasts
  4 eyes of draining
  An eye of draining (shapeshifter) (Vaults:5)
  4 black bears
  26 orc warriors
  37 ogres
  A snapping turtle skeleton (Crypt:1)
  A boggart (Vaults:1)
  11 crocodiles
  7 centaurs
  A lindwurm skeleton (Crypt:3)
  A yaktaur zombie (Crypt:2)
  10 giant frogs
  7 killer bees
  3 scorpions
  2 quasits
  2 electric eels
  A crimson imp (D:8)
  21 orc priests
  A giant frog zombie (D:11)
  6 wights
  5 hounds
  A giant frog skeleton (D:10)
  4 centaur skeletons
  Ijyb (D:2)
  A human simulacrum (Vaults:4)
  24 orc wizards
  A basilisk skeleton (Crypt:3)
  26 jellies
  Natasha (D:3)
  9 iguanas
  11 worker ants
  21 sheep
  A hound zombie (D:9)
  10 mummies
  A worker ant zombie (D:11)
  3 gnolls
  A steam dragon zombie (Crypt:2)
  5 adders
  6 river rats (Lair:3)
  A shadow imp (D:12)
  An adder zombie (D:5)
  2 worms
  5 giant geckos
  149 orcs
  4 giant cockroaches
  A gnoll zombie (Ossuary)
  4 goblins
  10 hobgoblins
  14 jackals
  5 quokkas
  A ball python (D:3)
  4 bats
  A giant gecko zombie (D:5)
  2 giant newts
  4 hobgoblin zombies (Ossuary)
  19 kobolds
  2 kobold zombies (Ossuary)
  An orc zombie (Ossuary)
  A quokka skeleton (D:9)
  10 rats
  9 crawling corpses (Vaults:5)
  6 fire vortices (Vaults:5)
  26 fungi
  57 plants
1822 creatures vanquished.

Vanquished Creatures (collateral kills)
  the royal jelly (Slime:6)
  Frederick (Tomb:1)
  Vashnia (Snake:4)
  2 acid blobs
  An azure jelly (Slime:6)
  Maud (D:10)
  A bennu (Tomb:1)
  Snorg (Lair:8)
  3 hydras
  A great orb of eyes (Slime:6)
  A slime creature (Slime:6)
  An elephant (Lair:6)
  A spiny frog (Lair:6)
  A guardian mummy (Tomb:1)
  A yak (Lair:6)
  A hippogriff (Lair:7)
  An eye of draining (Slime:6)
  2 giant frogs
22 creatures vanquished.

Vanquished Creatures (others)
  2 sphinxes
  2 storm dragons (Vaults:5)
  Ilsuiw (Shoals:4)
  An ironheart preserver (Vaults:3)
  A small abomination (Vaults:5)
  A deep elf high priest (Vaults:5)
  A naga warrior (Snake:4)
  A sea snake (Shoals:4)
  A harpy (Shoals:4)
  An orc knight (Vaults:5)
  A water nymph (Shoals:4)
  A vault sentinel (Vaults:5)
  A deep elf fighter (Elf:1)
  A vampire mosquito (Vaults:3)
  A naga (Snake:4)
  An ogre (Vaults:4)
  2 orc warriors (Vaults:5)
  An orc wizard (Orc:2)
  A sheep (Shoals:2)
  2 orcs
  2 fire vortices
  24 fungi
  A lost soul (Crypt:3)
  44 plants
95 creatures vanquished.

Grand Total: 1939 creatures vanquished

Notes
Turn   | Place    | Note
--------------------------------------------------------------
     0 | D:1      | 4thArraOfDagon the Gargoyle Gladiator began the quest for the Orb.
     0 | D:1      | Reached XP level 1. HP: 12/12 MP: 1/1
   188 | D:1      | Reached skill level 3 in Axes
   193 | D:1      | Found a sparkling altar of Nemelex Xobeh.
   206 | D:1      | Reached XP level 2. HP: 11/18 MP: 2/2
   343 | D:2      | Reached XP level 3. HP: 17/22 MP: 3/3
   356 | D:2      | Found a stormy altar of Qazlal.
   403 | D:2      | hmm
   409 | D:2      | Became a worshipper of Qazlal Stormbringer
   503 | D:2      | Reached skill level 1 in Armour
   556 | D:3      | Reached XP level 4. HP: 27/27 MP: 4/4
   583 | D:3      | Noticed Natasha
   594 | D:3      | Killed Natasha
   594 | D:3      | Reached skill level 1 in Invocations
   612 | D:3      | Reached XP level 5. HP: 28/32 MP: 4/6
   615 | D:3      | Reached * piety under Qazlal
   733 | D:4      | Reached skill level 4 in Axes
   765 | D:4      | Found an ancient bone altar of Kikubaaqudgha.
   774 | D:4      | Noticed an ogre
   784 | D:4      | Killed an ogre
   784 | D:4      | Reached XP level 6. HP: 20/37 MP: 7/7
   795 | D:4      | Noticed a black bear
   831 | D:2      | Noticed Ijyb
   845 | D:2      | Killed Ijyb
   924 | D:4      | Noticed an ogre
   946 | D:3      | Noticed Natasha
  1017 | D:4      | Killed a black bear
  1107 | D:5      | Entered Level 5 of the Dungeon
  1133 | D:5      | Reached XP level 7. HP: 38/42 MP: 9/9
  1191 | D:5      | Gained mutation: You tend to lose your temper in combat. [potion of mutation]
  1213 | D:5      | Reached skill level 5 in Axes
  1248 | D:5      | Reached ** piety under Qazlal
  1457 | D:5      | Gained mutation: You have an increased reservoir of magic (+10% MP). [mutagenic meat]
  1576 | D:7      | Reached XP level 8. HP: 28/48 MP: 12/12
  1652 | D:7      | Reached skill level 6 in Axes
  1838 | D:7      | Found a sand-covered staircase.
  1845 | Ossuary  | Entered an ossuary
  1860 | Ossuary  | Reached skill level 5 in Fighting
  2237 | D:8      | Reached skill level 5 in Invocations
  2288 | D:8      | Reached *** piety under Qazlal
  2311 | D:8      | Noticed Maurice
  2370 | D:8      | Killed Maurice
  2370 | D:8      | Reached skill level 7 in Axes
  2370 | D:8      | Reached skill level 5 in Armour
  2370 | D:8      | Reached XP level 9. HP: 42/55 MP: 7/14
  2438 | D:8      | i come with a wicked method
  2449 | D:8      | Found a glowing silver altar of Zin.
  2450 | D:8      | Noticed an oklob plant
  2534 | D:8      | Noticed Psyche
  2737 | D:9      | Found a shattered altar of Ashenzari.
  2785 | D:9      | Found a basalt altar of Yredelemnul.
  2786 | D:9      | Found a blossoming altar of Fedhas.
  2885 | D:9      | Reached skill level 1 in Evocations
  2905 | D:9      | Reached skill level 8 in Axes
  3028 | D:9      | Got a glittering pewter ring
  3036 | D:9      | Identified the ring of Rarafutz {rElec rPois Str-3 Slay+5 Stlth-} (You found it on level 9 of the Dungeon)
  3054 | D:9      | Found a staircase to the Orcish Mines.
  3122 | D:9      | Reached XP level 10. HP: 50/61 MP: 16/16
  3188 | D:10     | Entered Level 10 of the Dungeon
  3269 | D:10     | Reached **** piety under Qazlal
  3281 | D:10     | Noticed Maud
  3290 | D:10     | Killed Maud
  3324 | D:10     | Got a fine mace
  3447 | D:10     | Reached skill level 9 in Axes
  3736 | D:11     | Found a flagged portal.
  3758 | D:11     | Noticed a green ugly thing
  3764 | D:11     | Killed a green ugly thing
  3768 | D:11     | Killed an unseen horror
  3768 | D:11     | Reached XP level 11. HP: 52/68 MP: 18/18
  3775 | Bailey   | Entered a bailey
  3899 | Bailey   | Found an iron altar of Okawaru.
  3947 | D:11     | Killed an unseen horror
  3976 | D:11     | Reached skill level 10 in Axes
  4084 | D:12     | Noticed a skeletal warrior
  4084 | D:12     | Noticed a skeletal warrior
  4084 | D:12     | Noticed a hill giant
  4087 | D:12     | Noticed a skeletal warrior
  4129 | D:11     | Noticed Zebura's ghost (journeyman VSAs)
  4129 | D:11     | http://crawl.xtahua.com/crawl/morgue/Zebura/morgue-Zebura-20151012-132716.txt
  4139 | D:11     | Killed Zebura's ghost
  4195 | D:12     | Noticed a hill giant
  4212 | D:11     | Noticed Sonja
  4222 | D:11     | Killed Sonja
  4384 | D:12     | Noticed a hill giant
  4395 | D:12     | Killed a hill giant
  4411 | D:12     | Reached skill level 5 in Evocations
  4444 | D:11     | Killed a hill giant
  4444 | D:11     | Reached XP level 12. HP: 35/76 MP: 20/20
  4664 | Orc:1    | Entered Level 1 of the Orcish Mines
  4671 | Orc:1    | Reached ***** piety under Qazlal
  4794 | Orc:2    | Found a roughly hewn altar of Beogh.
  4798 | Orc:2    | Found Siucolev's Gadget Emporium.
  5093 | Orc:3    | Reached skill level 11 in Axes
  5195 | Orc:4    | Entered Level 4 of the Orcish Mines
  5293 | Orc:4    | Noticed an ogre mage
  5474 | Orc:3    | Found a staircase to the Elven Halls.
  5482 | Orc:2    | axe city
  5486 | Orc:2    | Reached ****** piety under Qazlal
  5661 | Orc:4    | Reached skill level 10 in Fighting
  5661 | Orc:4    | Reached skill level 10 in Armour
  5678 | Orc:4    | Killed an ogre mage
  5678 | Orc:4    | Reached skill level 12 in Axes
  5816 | Orc:4    | Reached XP level 13. HP: 64/83 MP: 21/21
  5916 | Orc:4    | Found Qat Hel's Gadget Shoppe.
  5919 | Orc:4    | Found Vuhicocu's Food Boutique.
  5919 | Orc:4    | Noticed an ogre mage
  5928 | Orc:4    | Killed an ogre mage
  5936 | Orc:4    | Found Lenamall's Armour Emporium.
  5948 | Orc:4    | Found Byeruth's Distillery.
  5960 | Orc:4    | Bought a potion of curing for 39 gold pieces
  5960 | Orc:4    | Bought 2 potions of lignification for 78 gold pieces
  5960 | Orc:4    | Bought 2 potions of curing for 78 gold pieces
  5960 | Orc:4    | Bought a potion of curing for 39 gold pieces
  5960 | Orc:4    | Bought a potion of invisibility for 104 gold pieces
  5960 | Orc:4    | Bought a potion of brilliance for 52 gold pieces
  6036 | Elf:1    | Entered Level 1 of the Elven Halls
  6095 | Elf:1    | Noticed Azrael
  6253 | D:8      | Found a staircase to the Lair.
  6260 | Lair:1   | Entered Level 1 of the Lair of Beasts
  6318 | Lair:2   | Reached skill level 13 in Axes
  6642 | Lair:3   | Found a staircase to the Snake Pit.
  6684 | Lair:3   | Noticed emiel's ghost (journeyman HOAs)
  6702 | Lair:3   | Killed emiel's ghost
  6730 | Lair:3   | Gained mutation: Your large and strong wings let you fly indefinitely. [Gargoyle growth]
  6730 | Lair:3   | Reached XP level 14. HP: 91/91 MP: 22/22
  6731 | Lair:3   | Found a labyrinth entrance.
  6745 | Lab      | Entered a labyrinth
  6868 | Lab      | Reached skill level 14 in Axes
  6873 | Lab      | Got a sparkling silver amulet
  6874 | Lab      | Identified the amulet "Geucvok" {+Rage Str+2} (You found it in a labyrinth)
  6892 | Lab      | Learned a level 2 spell: Stoneskin
  6929 | Lair:3   | You fall through a shaft!
  7495 | Lair:6   | Reached skill level 15 in Axes
  7564 | Lair:7   | Noticed Josephine
  7573 | Lair:7   | Noticed Rupert
  7574 | Lair:7   | Killed Josephine
  7585 | Lair:8   | Entered Level 8 of the Lair of Beasts
  7594 | Lair:8   | Reached XP level 15. HP: 98/98 MP: 23/23
  7960 | Lair:8   | Reached skill level 16 in Axes
  8026 | Lair:8   | Noticed Snorg
  8036 | Lair:8   | Killed Snorg
  8231 | Lair:7   | Killed Rupert
  8499 | Snake:1  | Entered Level 1 of the Snake Pit
  8587 | Snake:1  | Reached XP level 16. HP: 106/106 MP: 23/25
  8943 | Snake:3  | Reached skill level 17 in Axes
  9069 | Snake:4  | Entered Level 4 of the Snake Pit
  9069 | Snake:4  | Found Ciegoet's Distillery.
  9112 | Snake:4  | Reached skill level 15 in Armour
  9122 | Snake:3  | Noticed Aizul
  9129 | Snake:3  | Killed Aizul
  9133 | Snake:3  | Gained mutation: You have supernaturally acute eyesight. [mutagenic meat]
  9134 | Snake:3  | Gained mutation: You often lose your temper in combat. [mutagenic meat]
  9135 | Snake:3  | Gained mutation: You have a pair of small antennae on your head. [mutagenic meat]
  9136 | Snake:3  | Lost mutation: You often lose your temper in combat. [mutagenic meat]
  9137 | Snake:3  | Gained mutation: You are resistant to hostile enchantments. [mutagenic meat]
  9238 | Snake:4  | Bought a potion of degeneration for 13 gold pieces
  9238 | Snake:4  | Bought a potion of magic for 104 gold pieces
  9238 | Snake:4  | Bought a potion of curing for 39 gold pieces
  9238 | Snake:4  | Bought a potion of curing for 39 gold pieces
  9238 | Snake:4  | Bought a potion of heal wounds for 65 gold pieces
  9238 | Snake:4  | Bought a potion of brilliance for 52 gold pieces
  9238 | Snake:4  | Bought a potion of brilliance for 52 gold pieces
  9243 | Snake:4  | Bought a potion of ambrosia for 104 gold pieces
  9380 | Snake:4  | Reached skill level 18 in Axes
  9423 | Snake:4  | Reached XP level 17. HP: 111/111 MP: 26/26
  9511 | Snake:4  | Gained mutation: You have large cloven feet. [potion of beneficial mutation]
  9554 | Snake:4  | Noticed Vashnia
  9591 | Snake:4  | Killed Vashnia
  9662 | Snake:4  | Got a serpentine rune of Zot
  9747 | Snake:4  | Reached skill level 19 in Axes
 10006 | Snake:4  | Reached XP level 18. HP: 116/116 MP: 27/27
 10039 | Snake:4  | Reached skill level 20 in Axes
 10486 | Lair:5   | Found a staircase to the Shoals.
 10495 | Shoals:1 | Entered Level 1 of the Shoals
 10846 | Shoals:2 | Found a runed door.
 10894 | Shoals:2 | Reached skill level 21 in Axes
 11379 | Shoals:4 | Entered Level 4 of the Shoals
 11394 | Shoals:3 | Reached XP level 19. HP: 85/122 MP: 28/28
 11454 | Shoals:4 | Noticed Ilsuiw
 11482 | Shoals:4 | Reached skill level 10 in Invocations
 11608 | Shoals:4 | Reached skill level 15 in Fighting
 11635 | Shoals:4 | Killed Ilsuiw
 11747 | Shoals:4 | Cast into the Abyss (merfolk impaler)
 11762 | Shoals:4 | Escaped the Abyss
 11934 | Shoals:4 | Got a smoking crystal amulet
 11958 | Shoals:4 | Got a barnacled rune of Zot
 12031 | Shoals:1 | Identified the amulet of Freedom {rMut MR+ Int+5} (You found it on level 4 of the Shoals)
 12046 | Shoals:1 | Learned a level 3 spell: Regeneration
 12048 | Shoals:1 | Learned a level 1 spell: Animate Skeleton
 12306 | Lair:7   | Found a staircase to the Slime Pits.
 12324 | Slime:1  | Entered Level 1 of the Pits of Slime
 12441 | Slime:2  | Reached skill level 1 in Charms
 12441 | Slime:2  | Reached skill level 1 in Spellcasting
 12473 | Slime:2  | Reached skill level 1 in Necromancy
 12784 | Slime:4  | Reached XP level 20. HP: 125/130 MP: 31/31
 13043 | Slime:6  | Entered Level 6 of the Pits of Slime
 13147 | Slime:6  | Reached skill level 5 in Charms
 13228 | Slime:6  | Reached skill level 5 in Necromancy
 13235 | Slime:6  | Noticed the royal jelly
 13424 | Slime:6  | Found a viscous altar of Jiyva.
 13437 | Slime:6  | Gained mutation: You expend magic power (3 MP) to strengthen your wands. [a shining eye]
 13501 | Slime:6  | Killed the royal jelly
 13671 | Slime:6  | Identified Roxanne's Collected Works on Moulding (You found it on level 6 of the Pits of Slime)
 13680 | Slime:6  | Got an ancient steel ring
 13681 | Slime:6  | Identified the ring of Qazlal's Generosity {rC+ EV+3 Str+6} (You found it on level 6 of the Pits of Slime)
 13685 | Slime:6  | Got a slimy rune of Zot
 13696 | Slime:6  | Identified the Tome of Confrontation (You found it on level 6 of the Pits of Slime)
 13752 | Slime:6  | Got a dazzling scale mail
 13756 | Slime:6  | Identified the +1 scale mail of Esosace {Dex+3} (You found it on level 6 of the Pits of Slime)
 14132 | D:12     | Killed a skeletal warrior
 14133 | D:12     | Killed a skeletal warrior
 14133 | D:12     | Reached skill level 5 in Spellcasting
 14138 | D:12     | Killed a skeletal warrior
 14139 | D:12     | Killed a hill giant
 14200 | D:12     | Got a brightly glowing morningstar
 14251 | D:13     | Found a gate to the Vaults.
 14265 | Vaults:1 | Entered Level 1 of the Vaults
 14436 | Vaults:1 | Identified the +5 morningstar of the Ring {venom, rElec MP+9 Int-3 Dex-2} (You found it on level 12 of the Dungeon)
 14637 | Vaults:3 | Reached XP level 21. HP: 136/136 MP: 33/33
 14763 | Vaults:4 | Noticed Margery
 14790 | Vaults:4 | Killed Margery
 15404 | Vaults:5 | Entered Level 5 of the Vaults
 15432 | Vaults:5 | Reached skill level 15 in Invocations
 15448 | Vaults:5 | Reached XP level 22. HP: 134/144 MP: 36/36
 15544 | Vaults:5 | Noticed a golden dragon
 15554 | Vaults:5 | Killed a golden dragon
 15572 | Vaults:5 | Noticed an ancient lich
 15585 | Vaults:5 | Killed an ancient lich
 15684 | Vaults:5 | Reached XP level 23. HP: 69/152 MP: 39/39
 15819 | Vaults:5 | Identified Vehumet's Grimoire of Blistering Attacks
 15871 | Vaults:5 | Got a clouded lapis lazuli ring
 15878 | Vaults:5 | Identified the ring of Fics {+Fly rC+ SInv Stlth+} (You took it off a deep elf annihilator on level 5 of the Vaults)
 16089 | Vaults:5 | Got a silver rune of Zot
 16272 | Vaults:5 | Got a blackened ring mail
 16294 | Vaults:5 | Identified the +3 ring mail of Patience {rElec Regen+ Str-3 Dex+5} (You took it off a vault warden on level 5 of the Vaults)
 16406 | Vaults:5 | Found Agunenun's Distillery.
 16421 | Vaults:5 | Identified Xeat's Disquisition on the Glacier (You found it on level 5 of the Vaults)
 16437 | Vaults:5 | Bought a potion of might for 56 gold pieces
 16437 | Vaults:5 | Bought a potion of might for 56 gold pieces
 16437 | Vaults:5 | Bought a potion of haste for 140 gold pieces
 16437 | Vaults:5 | Bought a potion of might for 56 gold pieces
 16437 | Vaults:5 | Bought a potion of might for 56 gold pieces
 16437 | Vaults:5 | Bought a potion of agility for 56 gold pieces
 16437 | Vaults:5 | Bought a potion of curing for 42 gold pieces
 16437 | Vaults:5 | Bought a potion of cancellation for 112 gold pieces
 16437 | Vaults:5 | Bought a potion of invisibility for 112 gold pieces
 16437 | Vaults:5 | Bought a potion of agility for 56 gold pieces
 16437 | Vaults:5 | Bought a potion of curing for 42 gold pieces
 16437 | Vaults:5 | Bought a potion of lignification for 42 gold pieces
 16467 | Vaults:5 | Got an ebony executioner's axe
 16468 | Vaults:5 | Identified the +6 executioner's axe of the Dragonfly {chop, rN+} (You found it on level 5 of the Vaults)
 16764 | Vaults:3 | Found a staircase to the Crypt.
 16764 | Vaults:3 | Found a basalt altar of Yredelemnul.
 16767 | Vaults:3 | Found an ancient bone altar of Kikubaaqudgha.
 16779 | Crypt:1  | Entered Level 1 of the Crypt
 16901 | Crypt:3  | Entered Level 3 of the Crypt
 17067 | Crypt:3  | Found a staircase to the Tomb.
 17082 | Tomb:1   | Entered Level 1 of the Tomb of the Ancients
 17121 | Tomb:1   | Noticed Frederick
 17131 | Tomb:1   | Killed Frederick
 17212 | Tomb:1   | Noticed Sojobo
 17222 | Tomb:1   | Killed Sojobo
 17222 | Tomb:1   | Reached XP level 24. HP: 59/160 MP: 23/40
 17228 | Tomb:1   | Paralysed by a sphinx for 3 turns
 17262 | Tomb:1   | Killed from afar by a lich

Vault maps used:
D:1:      matt_arrival_refuge, nemelex_diamond_rough_becter
D:2:      grunt_qazlal_clouds, first_bread, uniq_iyjb, uniq_crazy_yiuf_cottage
D:3:      uniq_natasha
D:4:      lemuel_coloured_pillars_altar, nicolae_overflow_hidden_temple
D:5:      serial_shops, kennysheep_mini_moat
D:6:      old_forge
D:7:      temple_hall, gup_ossuary_entry_pyramid, basic_altar
D:8:      kennysheep_little_box, dpeg_oklobed_lair, grunt_pizzeria,
          lemuel_oklob_altar, uniq_maurice, uniq_prince_ribbit1, uniq_psyche
D:9:      gammafunk_temple_overflow_statue, nicolae_overflow_crystal_walls,
          erik_orc_1
D:10:     uniq_maud
D:11:     enter_bailey_2, minmay_variable_closet, uniq_sonja
D:13:     grunt_vaults_entry_fortified, serial_park_tiny_pond,
          minmay_pinched_square
Lair:2:   mu_elephants_graveyard, beast_lair_carwin_7
Lair:3:   guppyfry_snake_entry_island, lab_entry_generic
Lair:5:   minmay_shoals_entry_lonely_mermaid, serial_bayou_crossing,
          lemuel_fruit_tree
Lair:6:   st_stairs_10
Lair:7:   slime_dummy, grunt_forest_small_clearings, wad_woods_01, uniq_rupert,
          uniq_josephine
Lair:8:   grunt_lair_end_beastmaster, kilobyte_rumbling_trees, uniq_snorg
Shoals:1: nicolae_shoals_mertower
Shoals:2: lightli_airlock
Shoals:3: cheibrodos_shoals_oceanic_diplomacy
Shoals:4: shoals_end_simple, shoals_ilsuiw_alternative
Snake:1:  serial_shops, nicolae_shop_behind_doors, shop, shop
Snake:2:  serial_bayou_shore_a
Snake:3:  library_closet, uniq_aizul
Snake:4:  grunt_snake_rune_spirals, serial_shops, shop, uniq_vashnia
Slime:5:  cheibrodos_slime_lost_civilization_2
Orc:2:    serial_shops, shop, basic_altar
Orc:3:    nicolae_orc_pool_cavern
Orc:4:    st_orc_open, mines3_lemuel
Elf:1:    elf_arrival_002, kennysheep_underground_church, uniq_azrael,
          uniq_donald, uniq_louise, uniq_asterion
Vaults:1: ontoclasm_vaults_chip, vaults_dpeg_diagonal, vaults_room_pool,
          nicolae_vaults_angled_halls, v_rooms_3,
          vaults_room_grunt_arrival_ludios, nicolae_vaults_border_crossing,
          nicolae_vaults_ninety_degrees, nicolae_vaults_asterisk,
          hangedman_vaults_river_flow, v_misc_17
Vaults:2: nicolae_vaults_stairing_the_circle,
          nicolae_vaults_windows_and_doors_thing, vaults_dpeg_encased_lava,
          vaults_room_semicircle, nicolae_vaults_three_branches,
          grunt_vaults_diagonal, nicolae_vaults_display_case
Vaults:3: hangedman_vaults_pinch, v_alt_pattern_2,
          minmay_crypt_entry_necro_gods, nicolae_vaults_gold_heap,
          nicolae_vaults_little_ls, vaults_dpeg_cross, hangedman_vaults_impose,
          nicolae_vaults_rhombus_6, ontoclasm_vaults_tryst, v_pattern_1,
          vaults_mumra_minichess, nicolae_vaults_meeting,
          nicolae_vaults_what_the_h, grunt_vaults_hallway_short,
          vaults_room_semicircle, serial_shops, shop
Vaults:4: hangedman_vaults_cutoff, v_misc_1, v_misc_29,
          nicolae_vaults_sealed_display, v_rooms_4, v_misc_29, v_misc_15,
          vaults_dpeg_ring, st_lines, nicolae_vaults_rhombus_6, serial_ice_m,
          uniq_margery
Crypt:1:  minmay_misc_feat_cross
Crypt:2:  nicolae_crypt_little_mausoleum
Crypt:3:  church_of_pain_bobbens, tomb_entry_forgotten_bobbens, uniq_mara
Tomb:1:   uniq_sojobo, uniq_frederick, uniq_jorgrun
Abyss:1:  due_exit_kobolds
Lab:      labyrinth_hidden_loot, labyrinth_glass_1, nicolae_lab_flowing_pool,
          labyrinth_skeletal_remains
Ossuary:  ossuary_tomb_3
Bailey:   bailey_axe_3, bailey

Action                   |  1- 3 |  4- 6 |  7- 9 | 10-12 | 13-15 | 16-18 | 19-21 | 22-24 || total
-------------------------+-------+-------+-------+-------+-------+-------+-------+-------++-------
Melee: War axe           |    80 |   124 |   181 |       |       |       |       |       ||   385
       Battleaxe         |       |       |   128 |   384 |   559 |   852 |  1064 |   491 ||  3478
       Executioner's axe |       |       |       |       |       |       |       |   123 ||   123
Throw: Throwing net      |       |     4 |       |     1 |       |       |       |       ||     5
 Cast: Regeneration      |       |       |       |       |       |       |     6 |    21 ||    27
Invok: Upheaval          |       |       |     6 |       |       |       |     3 |     1 ||    10
       Elemental Force   |       |       |       |     2 |     7 |     2 |     3 |     4 ||    18
       Disaster Area     |       |       |       |       |       |       |       |     2 ||     2
 Abil: Evoke Berserk Rag |       |       |       |       |     2 |     3 |     9 |       ||    14
       Evoke Teleportati |       |       |       |       |       |     5 |     6 |     3 ||    14
       Fly               |       |       |       |       |       |     1 |     1 |       ||     2
       Stop Flying       |       |       |       |       |       |       |     2 |       ||     2
Evoke: Wand              |       |       |     4 |     1 |     1 |     2 |     3 |       ||    11
       Box of beasts     |       |       |       |       |     1 |       |       |       ||     1
       Deck              |       |       |       |       |       |     2 |     7 |       ||     9
  Use: Scroll            |       |     4 |    14 |     6 |    10 |     6 |    12 |    14 ||    66
       Potion            |       |       |     1 |       |     2 |     2 |     7 |     5 ||    17
 Stab: Held in net/web   |       |       |       |     1 |       |       |       |       ||     1
       Distracted        |       |       |       |       |     1 |       |     1 |       ||     2
  Eat: Chunk             |       |     1 |     9 |     6 |    11 |    18 |    10 |     9 ||    64
       Fruit             |       |       |     1 |     1 |       |     3 |    14 |     4 ||    23
       Bread ration      |       |       |       |     2 |       |     1 |       |       ||     3
       Pizza             |       |       |       |       |     1 |       |       |       ||     1
       Beef jerky        |       |       |       |       |       |     1 |     7 |       ||     8
